PAAA
JERSEY CITY TRITONS @ BAKERSFIELD NOBLES
09/24/2029
 
TOP OF THE 1ST
Jersey City Tritons batting - Pitching for Bakersfield Nobles : LHP Piotr Oja
Pitching: LHP Piotr Oja
Batting: RHB Dave Yates 0-0: Called Strike
0-1: Ball
1-1: SINGLE (Line Drive, 8RS)
Batting: RHB Edgar Baeza 0-0: Ball
1-0: Ball
2-0: Ball
3-0: Base on Balls
Dave Yates to second
Batting: RHB Zahid Kashani 0-0: Ball
1-0: Ball
2-0: Ball
3-0: Base on Balls
Dave Yates to third
Edgar Baeza to second
Batting: RHB Ju-chan Pak 0-0: Swinging Strike
0-1: Ball
1-1: Swinging Strike
1-2: Strikes out swinging
Batting: LHB Dana Waldrip 0-0: Ball
1-0: Ball
2-0: Called Strike
2-1: Swinging Strike
2-2: Ball
3-2: SINGLE (Groundball, 13S) (infield hit)
Dave Yates scores
Edgar Baeza to third
Zahid Kashani to second
Batting: SHB Dave Atkins 0-0: Ball
1-0: Fly out, F8 (Flyball, 8RM)
Runner from 3rd tags up, SCORES, throw made
Batting: RHB Mike Greene 0-0: Called Strike
0-1: Ball
1-1: Ball
2-1: Called Strike
2-2: Fly out, F3 (Popup, 3)
Top of the 1st over - 2 runs, 2 hits, 0 errors, 2 left on base; Jersey City 2 - Bakersfield 0
BOTTOM OF THE 1ST
Bakersfield Nobles batting - Pitching for Jersey City Tritons : LHP Javier Romero
Pitching: LHP Javier Romero
Batting: RHB Leonardo Ramírez 0-0: Ball
1-0: Ball
2-0: Ball
3-0: Called Strike
3-1: Base on Balls
Batting: RHB Francisco Agámez 0-0: Called Strike
0-1: Ball
1-1: Ball
2-1: Ball
3-1: Foul Ball, location: 2F
3-2: Foul Ball, location: 2F
3-2: SINGLE (Flyball, 7LS)
Leonardo Ramírez to second
Batting: LHB Jorge Alejándrez 0-0: SINGLE (Line Drive, 78S)
Leonardo Ramírez to third
Francisco Agámez to second
Batting: RHB Mario Blanco 0-0: Ball
1-0: Swinging Strike
1-1: Reached on error, E6 (Groundball, 6M)
Leonardo Ramírez scores
Francisco Agámez to third
Jorge Alejándrez to second
Batting: RHB Martinus Xhaka 0-0: Grounds into double play, 6-4-3 (Groundball, 6)
Francisco Agámez scores
Jorge Alejándrez to third
Batting: RHB Omer Yurtseven 0-0: Ball
1-0: SINGLE (Groundball, 3D)
Jorge Alejándrez scores
Batting: RHB Yosuke Hayashi 0-0: Ball
1-0: Ball
2-0: Called Strike
2-1: Ball
3-1: Foul Ball, location: 2F
3-2: Foul Ball, location: 2F
3-2: Foul Ball, location: 2F
3-2: Strikes out swinging
Bottom of the 1st over - 3 runs, 3 hits, 1 error, 1 left on base; Jersey City 2 - Bakersfield 3
TOP OF THE 2ND
Jersey City Tritons batting - Pitching for Bakersfield Nobles : LHP Piotr Oja
Batting: LHB Chia-ch'ing Dodman 0-0: Ball
1-0: Foul Ball, location: 2F
1-1: Called Strike
1-2: Strikes out swinging
Batting: SHB Ludovic Michel 0-0: Ball
1-0: Called Strike
1-1: Foul Ball, location: 2F
1-2: SINGLE (Line Drive, 3L)
Batting: RHB Dave Yates 0-0: Called Strike
0-1: Ball
1-1: Called Strike
1-2: Foul Ball, location: 2F
1-2: Ball
2-2: Ball
3-2: Grounds into double play, 6-4-3 (Groundball, 6)
Top of the 2nd over - 0 runs, 1 hit, 0 errors, 0 left on base; Jersey City 2 - Bakersfield 3
BOTTOM OF THE 2ND
Bakersfield Nobles batting - Pitching for Jersey City Tritons : LHP Javier Romero
Batting: RHB António Ramírez 0-0: Ball
1-0: Ball
2-0: Ball
3-0: Called Strike
3-1: Swinging Strike
3-2: Strikes out looking
Batting: RHB Keith Best 0-0: Ball
1-0: Called Strike
1-1: SINGLE (Groundball, 56D)
Batting: RHB Leonardo Ramírez 0-0: Ball
1-0: Called Strike
1-1: Swinging Strike
1-2: Strikes out swinging
Batting: RHB Francisco Agámez 0-0: Foul Ball, location: 2F
0-1: Foul Ball, location: 2F
0-2: Ball
1-2: Ball
2-2: Ball
3-2: Strikes out swinging
Bottom of the 2nd over - 0 runs, 1 hit, 0 errors, 1 left on base; Jersey City 2 - Bakersfield 3
TOP OF THE 3RD
Jersey City Tritons batting - Pitching for Bakersfield Nobles : LHP Piotr Oja
Batting: RHB Edgar Baeza 0-0: Called Strike
0-1: Ground out U3 (Groundball, 34)
Batting: RHB Zahid Kashani 0-0: Ball
1-0: Called Strike
1-1: Ball
2-1: Ball
3-1: Foul Ball, location: 2F
3-2: Foul Ball, location: 2F
3-2: Ground out 6-3 (Groundball, 6)
Batting: RHB Ju-chan Pak 0-0: Ball
1-0: Swinging Strike
1-1: Swinging Strike
1-2: Foul Ball, location: 2F
1-2: Ball
2-2: Strikes out swinging
Top of the 3rd over - 0 runs, 0 hits, 0 errors, 0 left on base; Jersey City 2 - Bakersfield 3
BOTTOM OF THE 3RD
Bakersfield Nobles batting - Pitching for Jersey City Tritons : LHP Javier Romero
Batting: LHB Jorge Alejándrez 0-0: Called Strike
0-1: Ball
1-1: Swinging Strike
1-2: Fly out, F5 (Popup, 5)
Batting: RHB Mario Blanco 0-0: SINGLE (Groundball, 6) (infield hit)
Batting: RHB Martinus Xhaka 0-0: Ball
1-0: Grounds into double play, 6-4-3 (Groundball, 6)
Bottom of the 3rd over - 0 runs, 1 hit, 0 errors, 0 left on base; Jersey City 2 - Bakersfield 3
TOP OF THE 4TH
Jersey City Tritons batting - Pitching for Bakersfield Nobles : LHP Piotr Oja
Batting: LHB Dana Waldrip 0-0: Swinging Strike
0-1: Swinging Strike
0-2: Ball
1-2: SINGLE (Groundball, 56D)
Batting: SHB Dave Atkins 0-0: Ball
1-0: Ball
2-0: Called Strike
2-1: Ball
3-1: Fly out, F7 (Flyball, 7LM)
Batting: RHB Mike Greene 0-0: Fly out, F9 (Flyball, 89S)
Batting: LHB Chia-ch'ing Dodman 0-0: Ball
1-0: Ball
2-0: Called Strike
2-1: Ball
3-1: Base on Balls
Dana Waldrip to second
Batting: SHB Ludovic Michel 0-0: Ball
1-0: Fly out, F8 (Flyball, 8RXD)
Top of the 4th over - 0 runs, 1 hit, 0 errors, 2 left on base; Jersey City 2 - Bakersfield 3
BOTTOM OF THE 4TH
Bakersfield Nobles batting - Pitching for Jersey City Tritons : LHP Javier Romero
Batting: RHB Omer Yurtseven 0-0: Called Strike
0-1: Foul Ball, location: 2F
0-2: Strikes out swinging
Batting: RHB Yosuke Hayashi 0-0: Ball
1-0: Foul Ball, location: 2F
1-1: Swinging Strike
1-2: Foul Ball, location: 2F
1-2: Ball
2-2: Strikes out looking
Batting: RHB António Ramírez 0-0: Ball
1-0: Called Strike
1-1: Ground out 4-3 (Groundball, 4M)
Bottom of the 4th over - 0 runs, 0 hits, 0 errors, 0 left on base; Jersey City 2 - Bakersfield 3
TOP OF THE 5TH
Jersey City Tritons batting - Pitching for Bakersfield Nobles : LHP Piotr Oja
Batting: RHB Dave Yates 0-0: Fly out, F9 (Line Drive, 9LM)
Batting: RHB Edgar Baeza 0-0: Swinging Strike
0-1: Ball
1-1: Called Strike
1-2: Foul Ball, location: 2F
1-2: SINGLE (Groundball, 34D)
Batting: RHB Zahid Kashani 0-0: Ball
1-0: Foul Ball, location: 2F
1-1: Swinging Strike
1-2: Foul Ball, location: 2F
1-2: Ball
2-2: Strikes out swinging
Batting: RHB Ju-chan Pak 0-0: Ball
1-0: Called Strike
1-1: Foul Ball, location: 2F
1-2: Strikes out swinging
Top of the 5th over - 0 runs, 1 hit, 0 errors, 1 left on base; Jersey City 2 - Bakersfield 3
BOTTOM OF THE 5TH
Bakersfield Nobles batting - Pitching for Jersey City Tritons : LHP Javier Romero
Batting: RHB Keith Best 0-0: Ball
1-0: Ground out 6-3 (Groundball, 6)
Batting: RHB Leonardo Ramírez 0-0: Ball
1-0: Foul Ball, location: 2F
1-1: Ball
2-1: Ball
3-1: Base on Balls
Batting: RHB Francisco Agámez 0-0: Grounds into double play, 6-4-3 (Groundball, 6)
Bottom of the 5th over - 0 runs, 0 hits, 0 errors, 0 left on base; Jersey City 2 - Bakersfield 3
TOP OF THE 6TH
Jersey City Tritons batting - Pitching for Bakersfield Nobles : LHP Piotr Oja
Batting: LHB Dana Waldrip 0-0: Called Strike
0-1: Ball
1-1: Ball
2-1: Ball
3-1: Fly out, F7 (Flyball, 7S)
Batting: SHB Dave Atkins 0-0: Foul Ball, location: 2F
0-1: SINGLE (Flyball, 78S)
Batting: RHB Mike Greene 0-0: SINGLE (Flyball, 9LS)
Dave Atkins to second
Runner from 2nd tries for 3rd, SAFE, throw made to third
Batting: LHB Chia-ch'ing Dodman 0-0: Swinging Strike
0-1: Ball
1-1: Called Strike
1-2: Ball
2-2: Strikes out swinging
Batting: SHB Ludovic Michel 0-0: SINGLE (Groundball, 4MD)
Dave Atkins scores
Mike Greene to second
Runner from 2nd tries for 3rd, SAFE, no throw
Batting: RHB Dave Yates 0-0: Ball
1-0: Foul Ball, location: 2F
1-1: Foul Ball, location: 2F
1-2: Ball
2-2: Fielders Choice at 2nd, 6-4 (Groundball, 6)
Top of the 6th over - 1 run, 3 hits, 0 errors, 2 left on base; Jersey City 3 - Bakersfield 3
BOTTOM OF THE 6TH
Bakersfield Nobles batting - Pitching for Jersey City Tritons : LHP Javier Romero
Batting: LHB Jorge Alejándrez 0-0: Ball
1-0: Called Strike
1-1: Ball
2-1: Ground out 4-3 (Groundball, 4S)
Batting: RHB Mario Blanco 0-0: Ball
1-0: Ball
2-0: Called Strike
2-1: Ball
3-1: Base on Balls
Batting: RHB Martinus Xhaka 0-0: Called Strike
0-1: Called Strike
0-2: Ball
1-2: Foul Ball, location: 2F
1-2: Strikes out swinging
Batting: RHB Omer Yurtseven 0-0: Ball
1-0: Ball
2-0: Ball
3-0: Called Strike
3-1: Ground out 1-3 (Groundball, P)
Bottom of the 6th over - 0 runs, 0 hits, 0 errors, 1 left on base; Jersey City 3 - Bakersfield 3
TOP OF THE 7TH
Jersey City Tritons batting - Pitching for Bakersfield Nobles : LHP Piotr Oja
Batting: RHB Edgar Baeza 0-0: Ball
1-0: Reached on error, E6 (Line Drive, 6)
Pitching: RHP Armando Garay
Batting: RHB Zahid Kashani 0-0: Ball
1-0: SINGLE (Groundball, 6) (infield hit)
Edgar Baeza to second
Batting: RHB Ju-chan Pak 0-0: Ball
1-0: DOUBLE (Line Drive, 7LS)
Edgar Baeza scores
Zahid Kashani to third
Batting: LHB Dana Waldrip 0-0: Called Strike
0-1: Ball
1-1: Called Strike
1-2: Fly out, F5 (Popup, 5F)
Batting: SHB Dave Atkins 0-0: Ground out 4-3 (Groundball, 4)
Batting: RHB Mike Greene 0-0: Called Strike
0-1: Ball
1-1: Foul Ball, location: 2F
1-2: Ball
2-2: Strikes out swinging
Top of the 7th over - 1 run, 2 hits, 1 error, 2 left on base; Jersey City 4 - Bakersfield 3
BOTTOM OF THE 7TH
Bakersfield Nobles batting - Pitching for Jersey City Tritons : LHP Javier Romero
Batting: RHB Yosuke Hayashi 0-0: Called Strike
0-1: Swinging Strike
0-2: Ball
1-2: SINGLE (Groundball, 56D)
Batting: RHB António Ramírez 0-0: Called Strike
Throwing error on steal attempt, E2
Yosuke Hayashi to third
0-1: Foul Ball, location: 2F
0-2: Ball
1-2: Foul Ball, location: 2F
1-2: Ground out 6-3 (Groundball, 6M)
Pitching: RHP Francisco Sandoval
Pinch Hitting: LHB Ramón Félix 0-0: Ball
1-0: Ball
2-0: Ball
3-0: Called Strike
3-1: Called Strike
3-2: Base on Balls
Pinch Hitting: LHB Hideki Hisanobu 0-0: SINGLE (Line Drive, 78M)
Yosuke Hayashi scores
Ramón Félix to second
Batting: RHB Francisco Agámez 0-0: Called Strike
0-1: Called Strike
0-2: Ball
1-2: Foul Ball, location: 2F
1-2: Foul Ball, location: 2F
1-2: Ball
2-2: Ball
3-2: Grounds into double play, 6-4-3 (Groundball, 6MD)
Bottom of the 7th over - 1 run, 2 hits, 1 error, 1 left on base; Jersey City 4 - Bakersfield 4
TOP OF THE 8TH
Jersey City Tritons batting - Pitching for Bakersfield Nobles : RHP Armando Garay
Now at 1B: Ramón Félix
Now in LF: Hideki Hisanobu
Batting: LHB Chia-ch'ing Dodman 0-0: Ball
1-0: Called Strike
1-1: Called Strike
1-2: Foul Ball, location: 2F
1-2: Ball
2-2: Strikes out swinging, 2-3 out at first.
Batting: SHB Ludovic Michel 0-0: Ball
1-0: Foul Ball, location: 2F
1-1: Foul Ball, location: 2F
1-2: Foul Ball, location: 2F
1-2: Strikes out swinging
Batting: RHB Dave Yates 0-0: Called Strike
0-1: Ball
1-1: DOUBLE (Flyball, 89XD)
Batting: RHB Edgar Baeza 0-0: Called Strike
0-1: Ball
1-1: Ball
2-1: Ball
3-1: Foul Ball, location: 2F
3-2: Strikes out looking
Top of the 8th over - 0 runs, 1 hit, 0 errors, 1 left on base; Jersey City 4 - Bakersfield 4
BOTTOM OF THE 8TH
Bakersfield Nobles batting - Pitching for Jersey City Tritons : RHP Francisco Sandoval
Batting: LHB Jorge Alejándrez 0-0: SINGLE (Groundball, 5) (infield hit)
Pinch Hitting: RHB Gabriel Maldonado 0-0: Ball
1-0: Called Strike
1-1: Foul Ball, location: 2F
1-2: Ball
2-2: Ball
3-2: Grounds into double play, 6-4-3 (Groundball, 6)
Batting: RHB Martinus Xhaka 0-0: Ball
1-0: Ball
2-0: Foul Ball, location: 2F
2-1: Swinging Strike
2-2: Ball
3-2: Base on Balls
Batting: RHB Omer Yurtseven 0-0: Ball
1-0: Called Strike
1-1: Ball
2-1: Ball
3-1: Base on Balls
Martinus Xhaka to second
Batting: RHB Yosuke Hayashi 0-0: Ball
1-0: Called Strike
1-1: Swinging Strike
1-2: Strikes out looking
Bottom of the 8th over - 0 runs, 1 hit, 0 errors, 2 left on base; Jersey City 4 - Bakersfield 4
TOP OF THE 9TH
Jersey City Tritons batting - Pitching for Bakersfield Nobles : RHP Armando Garay
Now at 2B: León Estrada
Batting: RHB Zahid Kashani 0-0: Ball
1-0: Called Strike
1-1: Ground out 1-3 (Groundball, P)
Batting: RHB Ju-chan Pak 0-0: Ball
1-0: Called Strike
1-1: Ground out 6-3 (Groundball, 6)
Batting: LHB Dana Waldrip 0-0: Ball
1-0: Called Strike
1-1: Ball
2-1: Ball
3-1: Called Strike
3-2: Base on Balls
Batting: SHB Dave Atkins 0-0: Foul Ball, location: 2F
0-1: Foul Ball, location: 2F
0-2: Ball
1-2: Foul Ball, location: 2F
1-2: Foul Ball, location: 2F
1-2: SINGLE (Groundball, 4MD)
Dana Waldrip to second
Runner from 2nd tries for 3rd, SAFE, no throw
Batting: RHB Mike Greene 0-0: Called Strike
0-1: Ball
1-1: Foul Ball, location: 2F
1-2: Ball
2-2: Strikes out swinging
Top of the 9th over - 0 runs, 1 hit, 0 errors, 2 left on base; Jersey City 4 - Bakersfield 4
BOTTOM OF THE 9TH
Bakersfield Nobles batting - Pitching for Jersey City Tritons : RHP Francisco Sandoval
Pitching: RHP Anthony Ledesma
Batting: RHB António Ramírez 0-0: Ball
1-0: Ball
2-0: Ball
3-0: Called Strike
3-1: Foul Ball, location: 2F
3-2: Foul Ball, location: 2F
3-2: Strikes out swinging
Batting: LHB Ramón Félix 0-0: Called Strike
0-1: Ball
1-1: Called Strike
1-2: Foul Ball, location: 2F
1-2: Ball
2-2: Ball
3-2: Foul Ball, location: 2F
3-2: DOUBLE (Line Drive, 9LM)
Batting: LHB Hideki Hisanobu 0-0: Intentional Walk
Pinch Hitting: LHB Theo Fightmaster 0-0: Ball
1-0: Foul Ball, location: 2F
1-1: Foul Ball, location: 2F
1-2: Fly out, F8 (Flyball, 8LD)
Batting: LHB Jorge Alejándrez 0-0: Ball
1-0: Foul Ball, location: 2F
1-1: Swinging Strike
1-2: 3-RUN HOME RUN (Flyball, 7LD), Distance : 359 ft
Tuesday, December 19th, 2017 - OOTP Baseball 18.8 Build 76